TOP OF THE 1ST |
Cincinnati Pride batting - Pitching for Plumstead Eagles : RHP Luis Silva
|
Pitching: RHP Luis Silva
|
|
Batting: RHB Larry Booth
|
0-0: Foul Ball, location: 2F 0-1: Foul Ball, location: 2F 0-2: Ground out 4-3 (Groundball, 4)
|
Batting: SHB Rafael Villa
|
0-0: Called Strike 0-1: Ball 1-1: Ball 2-1: Foul Ball, location: 2F 2-2: Foul Ball, location: 2F 2-2: Ball 3-2: Base on Balls
|
Batting: RHB Roberto Chávez
|
0-0: Ball Rafael Villa steals 2nd base 1-0: Swinging Strike 1-1: Ball 2-1: Ball 3-1: Base on Balls
|
Batting: RHB Randy Simons
|
0-0: Called Strike 0-1: Grounds into double play, U5-3 (Groundball, 5L)
|
Top of the 1st over - 0 run(s), 0 hit(s), 0 error(s), 1 left on base; Cincinnati 0 - Plumstead 0 |
BOTTOM OF THE 1ST |
Plumstead Eagles batting - Pitching for Cincinnati Pride : LHP Joseph Byrne
|
Pitching: LHP Joseph Byrne
|
|
Batting: RHB Carlos Palomón
|
0-0: Swinging Strike 0-1: Foul Ball, location: 2F 0-2: Strikes out swinging
|
Batting: LHB António Salazar
|
0-0: Ball 1-0: Ball 2-0: Called Strike 2-1: Foul Ball, location: 2F 2-2: DOUBLE (Line Drive, 9LM)
|
Batting: RHB Jaime Rodríguez
|
0-0: Ball 1-0: Ball 2-0: Called Strike 2-1: DOUBLE (Line Drive, 5D) António Salazar scores
|
Batting: RHB J.J. Leslie
|
0-0: Ball 1-0: Called Strike 1-1: Foul Ball, location: 2F 1-2: Ball 2-2: Foul Ball, location: 2F 2-2: Ball 3-2: Ground out 4-3 (Groundball, 4) Jaime Rodríguez to third
|
Batting: RHB Juan Caceres
|
0-0: Fly out, F8 (Flyball, 8LD)
|
Bottom of the 1st over - 1 run(s), 2 hit(s), 0 error(s), 1 left on base; Cincinnati 0 - Plumstead 1 |
TOP OF THE 2ND |
Cincinnati Pride batting - Pitching for Plumstead Eagles : RHP Luis Silva
|
Batting: LHB Marvin Morris
|
0-0: Called Strike 0-1: Foul Ball, location: 2F 0-2: Ball 1-2: Ball 2-2: Strikes out swinging
|
Batting: LHB Wes Stone
|
0-0: Ball 1-0: Foul Ball, location: 2F 1-1: Ball 2-1: Called Strike 2-2: Foul Ball, location: 2F 2-2: Strikes out looking
|
Batting: RHB Pablo Gómez
|
0-0: Ball 1-0: Called Strike 1-1: Ball 2-1: Ball 3-1: Base on Balls
|
Batting: RHB Wilson Flores
|
0-0: Ball 1-0: DOUBLE (Groundball, 5L) Pablo Gómez to third
|
Batting: RHB Michael Skinner
|
0-0: Ball 1-0: Foul Ball, location: 2F 1-1: Foul Ball, location: 2F 1-2: Foul Ball, location: 2F 1-2: Ball 2-2: Ball 3-2: Strikes out swinging
|
Top of the 2nd over - 0 run(s), 1 hit(s), 0 error(s), 2 left on base; Cincinnati 0 - Plumstead 1 |
BOTTOM OF THE 2ND |
Plumstead Eagles batting - Pitching for Cincinnati Pride : LHP Joseph Byrne
|
Batting: RHB Donald Sanford
|
0-0: Ball 1-0: Swinging Strike 1-1: Ball 2-1: Foul Ball, location: 2F 2-2: Strikes out swinging
|
Batting: RHB Ethan Moore
|
0-0: Foul Ball, location: 2F 0-1: SINGLE (Line Drive, 34)
|
Batting: RHB Don Turner
|
0-0: Swinging Strike 0-1: Fly out, F6 (Popup, 6D)
|
Batting: RHB Louis Smith
|
0-0: Called Strike 0-1: Foul Ball, location: 2F 0-2: Ground out 5-3 (Groundball, 5)
|
Bottom of the 2nd over - 0 run(s), 1 hit(s), 0 error(s), 1 left on base; Cincinnati 0 - Plumstead 1 |
TOP OF THE 3RD |
Cincinnati Pride batting - Pitching for Plumstead Eagles : RHP Luis Silva
|
Batting: RHB Larry Booth
|
0-0: Called Strike 0-1: Ball 1-1: Ball 2-1: Ball 3-1: Called Strike 3-2: Strikes out swinging
|
Batting: SHB Rafael Villa
|
0-0: Called Strike 0-1: Foul Ball, location: 2F 0-2: Ball 1-2: Ball 2-2: SOLO HOME RUN (Line Drive, 9LD), Distance : 381 ft
|
Batting: RHB Roberto Chávez
|
0-0: Ground out 1-3 (Groundball, 15)
|
Batting: RHB Randy Simons
|
0-0: Ball 1-0: Ball 2-0: Called Strike 2-1: Ball 3-1: SOLO HOME RUN (Flyball, 7LD), Distance : 366 ft
|
Batting: LHB Marvin Morris
|
0-0: Ball 1-0: Swinging Strike 1-1: Ball 2-1: Foul Ball, location: 2F 2-2: Foul Ball, location: 2F Reached via error on a dropped throw, E1
|
Batting: LHB Wes Stone
|
0-0: Called Strike 0-1: Called Strike 0-2: Foul Ball, location: 2F 0-2: Ball 1-2: Foul Ball, location: 2F 1-2: Ball 2-2: Foul Ball, location: 2F 2-2: Ball 3-2: Ground out U3 (Groundball, 3L)
|
Top of the 3rd over - 2 run(s), 2 hit(s), 1 error(s), 1 left on base; Cincinnati 2 - Plumstead 1 |
BOTTOM OF THE 3RD |
Plumstead Eagles batting - Pitching for Cincinnati Pride : LHP Joseph Byrne
|
Batting: RHB Carlos Palomón
|
0-0: Called Strike 0-1: Ball 1-1: Swinging Strike 1-2: Ball 2-2: Ball 3-2: Strikes out swinging
|
Batting: LHB António Salazar
|
0-0: Ball 1-0: Swinging Strike 1-1: Foul Ball, location: 2F 1-2: Strikes out swinging
|
Batting: RHB Jaime Rodríguez
|
0-0: Ball 1-0: Called Strike 1-1: Swinging Strike 1-2: Ball 2-2: Foul Ball, location: 2F 2-2: Foul Ball, location: 2F 2-2: Foul Ball, location: 2F 2-2: SINGLE (Flyball, 8RS)
|
Batting: RHB J.J. Leslie
|
0-0: Ball 1-0: Ball 2-0: DOUBLE (Line Drive, 7LS) Jaime Rodríguez to third Runner from 3rd tries for Home, SAFE, no throw or cutoff
|
Batting: RHB Juan Caceres
|
0-0: Ball 1-0: Ball 2-0: Called Strike 2-1: SINGLE (Flyball, 9S) J.J. Leslie to third Runner from 3rd tries for Home, SAFE, no throw or cutoff
|
Batting: RHB Donald Sanford
|
0-0: Ball 1-0: SINGLE (Groundball, 56D) Juan Caceres to second
|
Batting: RHB Ethan Moore
|
0-0: 3-RUN HOME RUN (Flyball, 7D), Distance : 357 ft
|
Batting: RHB Don Turner
|
0-0: Ball 1-0: SINGLE (Line Drive, 5D)
|
Batting: RHB Louis Smith
|
0-0: Called Strike Don Turner steals 2nd base 0-1: Ball 1-1: Foul Ball, location: 2F 1-2: Foul Ball, location: 2F 1-2: Strikes out swinging
|
Bottom of the 3rd over - 5 run(s), 6 hit(s), 0 error(s), 1 left on base; Cincinnati 2 - Plumstead 6 |
TOP OF THE 4TH |
Cincinnati Pride batting - Pitching for Plumstead Eagles : RHP Luis Silva
|
Batting: RHB Pablo Gómez
|
0-0: Called Strike 0-1: Ball 1-1: Ball 2-1: Swinging Strike 2-2: Strikes out swinging
|
Batting: RHB Wilson Flores
|
0-0: Fly out, F5 (Popup, 5F)
|
Batting: RHB Michael Skinner
|
0-0: Called Strike 0-1: Ball 1-1: Foul Ball, location: 2F 1-2: Ball 2-2: Strikes out swinging
|
Top of the 4th over - 0 run(s), 0 hit(s), 0 error(s), 0 left on base; Cincinnati 2 - Plumstead 6 |
BOTTOM OF THE 4TH |
Plumstead Eagles batting - Pitching for Cincinnati Pride : LHP Joseph Byrne
|
Batting: RHB Carlos Palomón
|
0-0: Called Strike 0-1: Ball 1-1: Ground out 6-3 (Groundball, 6)
|
Batting: LHB António Salazar
|
0-0: Ball 1-0: Ball 2-0: Swinging Strike 2-1: Foul Ball, location: 2F 2-2: Foul Ball, location: 2F 2-2: Fly out, F8 (Line Drive, 8LM)
|
Batting: RHB Jaime Rodríguez
|
0-0: Ball 1-0: Ball 2-0: Called Strike 2-1: Foul Ball, location: 2F 2-2: Ball 3-2: Strikes out swinging
|
Bottom of the 4th over - 0 run(s), 0 hit(s), 0 error(s), 0 left on base; Cincinnati 2 - Plumstead 6 |
TOP OF THE 5TH |
Cincinnati Pride batting - Pitching for Plumstead Eagles : RHP Luis Silva
|
Pitching: RHP Lane Lund
|
|
Batting: RHB Larry Booth
|
0-0: Ball 1-0: Fly out, F3 (Popup, 23)
|
Batting: SHB Rafael Villa
|
0-0: Ground out 6-3 (Groundball, 6)
|
Batting: RHB Roberto Chávez
|
0-0: Called Strike 0-1: Ground out 6-3 (Groundball, 6)
|
Top of the 5th over - 0 run(s), 0 hit(s), 0 error(s), 0 left on base; Cincinnati 2 - Plumstead 6 |
BOTTOM OF THE 5TH |
Plumstead Eagles batting - Pitching for Cincinnati Pride : LHP Joseph Byrne
|
Batting: RHB J.J. Leslie
|
0-0: Ball 1-0: Ball 2-0: Swinging Strike 2-1: Ball 3-1: Foul Ball, location: 2F 3-2: Base on Balls
|
Pitching: RHP Fernando Silva
|
|
Batting: RHB Juan Caceres
|
0-0: Ball 1-0: Called Strike 1-1: Ball 2-1: Ball 3-1: Fly out, F3 (Popup, 34)
|
Batting: RHB Donald Sanford
|
0-0: Called Strike 0-1: Swinging Strike 0-2: Strikes out swinging
|
Batting: RHB Ethan Moore
|
0-0: Called Strike 0-1: Foul Ball, location: 2F 0-2: Ball 1-2: Foul Ball, location: 2F 1-2: Strikes out swinging
|
Bottom of the 5th over - 0 run(s), 0 hit(s), 0 error(s), 1 left on base; Cincinnati 2 - Plumstead 6 |
TOP OF THE 6TH |
Cincinnati Pride batting - Pitching for Plumstead Eagles : RHP Lane Lund
|
Batting: RHB Randy Simons
|
0-0: Ball 1-0: Foul Ball, location: 2F 1-1: Foul Ball, location: 2F 1-2: Strikes out swinging
|
Batting: LHB Marvin Morris
|
0-0: Ball 1-0: Called Strike 1-1: Foul Ball, location: 2F 1-2: Foul Ball, location: 2F 1-2: Ball 2-2: Ball 3-2: Strikes out swinging
|
Batting: LHB Wes Stone
|
0-0: Called Strike 0-1: Foul Ball, location: 2F 0-2: Foul Ball, location: 2F 0-2: Ball 1-2: Ball 2-2: Fly out, F7 (Flyball, 7LSF)
|
Top of the 6th over - 0 run(s), 0 hit(s), 0 error(s), 0 left on base; Cincinnati 2 - Plumstead 6 |
BOTTOM OF THE 6TH |
Plumstead Eagles batting - Pitching for Cincinnati Pride : RHP Fernando Silva
|
Batting: RHB Don Turner
|
0-0: Called Strike 0-1: Ball 1-1: Ball 2-1: Ball 3-1: Swinging Strike 3-2: Foul Ball, location: 2F 3-2: Base on Balls
|
Batting: RHB Louis Smith
|
0-0: Ball 1-0: Ball Wild Pitch! Don Turner to second 2-0: Called Strike 2-1: Swinging Strike 2-2: Foul Ball, location: 2F 2-2: Ground out 6-3 (Groundball, 6M) Don Turner to third
|
Batting: RHB Carlos Palomón
|
0-0: Called Strike 0-1: Ball 1-1: Swinging Strike 1-2: Strikes out swinging
|
Batting: LHB António Salazar
|
0-0: Called Strike 0-1: TRIPLE (Line Drive, 9M) Don Turner scores
|
Batting: RHB Jaime Rodríguez
|
0-0: Called Strike 0-1: Fly out, F7 (Flyball, 7D)
|
Bottom of the 6th over - 1 run(s), 1 hit(s), 0 error(s), 1 left on base; Cincinnati 2 - Plumstead 7 |
TOP OF THE 7TH |
Cincinnati Pride batting - Pitching for Plumstead Eagles : RHP Lane Lund
|
Pitching: RHP Alden Parker
|
|
Batting: RHB Pablo Gómez
|
0-0: Ball 1-0: Foul Ball, location: 2F 1-1: Called Strike 1-2: Foul Ball, location: 2F 1-2: Foul Ball, location: 2F 1-2: Ball 2-2: Foul Ball, location: 2F 2-2: Strikes out swinging
|
Batting: RHB Wilson Flores
|
0-0: Fly out, F7 (Line Drive, 7M)
|
Batting: RHB Michael Skinner
|
0-0: Swinging Strike 0-1: Swinging Strike 0-2: Fly out, F8 (Flyball, 8LM)
|
Top of the 7th over - 0 run(s), 0 hit(s), 0 error(s), 0 left on base; Cincinnati 2 - Plumstead 7 |
BOTTOM OF THE 7TH |
Plumstead Eagles batting - Pitching for Cincinnati Pride : RHP Fernando Silva
|
Pitching: RHP Darrell Stanley
|
|
Batting: RHB J.J. Leslie
|
0-0: Ball 1-0: Ball 2-0: Foul Ball, location: 2F 2-1: Fly out, F4 (Line Drive, 34)
|
Batting: RHB Juan Caceres
|
0-0: Called Strike 0-1: Foul Ball, location: 2F 0-2: Fly out, F9 (Flyball, 89S)
|
Batting: RHB Donald Sanford
|
0-0: Ball 1-0: Called Strike 1-1: Foul Ball, location: 2F 1-2: Foul Ball, location: 2F 1-2: Foul Ball, location: 2F 1-2: Ball 2-2: Foul Ball, location: 2F 2-2: Ball 3-2: Foul Ball, location: 2F 3-2: Base on Balls
|
Batting: RHB Ethan Moore
|
0-0: Called Strike 0-1: Ball 1-1: Ball 2-1: Ball 3-1: Base on Balls Donald Sanford to second
|
Batting: RHB Don Turner
|
0-0: Ball 1-0: Swinging Strike 1-1: Fly out, F5 (Popup, 5SF)
|
Bottom of the 7th over - 0 run(s), 0 hit(s), 0 error(s), 2 left on base; Cincinnati 2 - Plumstead 7 |
TOP OF THE 8TH |
Cincinnati Pride batting - Pitching for Plumstead Eagles : RHP Alden Parker
|
Batting: RHB Larry Booth
|
0-0: Ball 1-0: Called Strike 1-1: Foul Ball, location: 2F 1-2: Ground out 5-3 (Groundball, 56S)
|
Batting: SHB Rafael Villa
|
0-0: Foul Ball, location: 2F 0-1: SINGLE (Line Drive, 4MD)
|
Batting: RHB Roberto Chávez
|
0-0: Swinging Strike 0-1: Swinging Strike 0-2: Strikes out swinging
|
Batting: RHB Randy Simons
|
0-0: Ball 1-0: Ground out 6-3 (Groundball, 6)
|
Top of the 8th over - 0 run(s), 1 hit(s), 0 error(s), 1 left on base; Cincinnati 2 - Plumstead 7 |
BOTTOM OF THE 8TH |
Plumstead Eagles batting - Pitching for Cincinnati Pride : RHP Darrell Stanley
|
Batting: RHB Louis Smith
|
0-0: Called Strike 0-1: Ball 1-1: Swinging Strike 1-2: Foul Ball, location: 2F 1-2: Foul Ball, location: 2F 1-2: Strikes out swinging
|
Batting: RHB Carlos Palomón
|
0-0: Called Strike 0-1: Swinging Strike 0-2: Ball 1-2: DOUBLE (Flyball, 7M)
|
Batting: LHB António Salazar
|
0-0: Foul Ball, location: 2F 0-1: Ball 1-1: Ball 2-1: TRIPLE (Line Drive, 78XD) Carlos Palomón scores
|
Batting: RHB Jaime Rodríguez
|
0-0: Ball 1-0: Called Strike 1-1: Foul Ball, location: 2F 1-2: Ball 2-2: Strikes out looking
|
Batting: RHB J.J. Leslie
|
0-0: Fly out, F8 (Line Drive, 8LD)
|
Bottom of the 8th over - 1 run(s), 2 hit(s), 0 error(s), 1 left on base; Cincinnati 2 - Plumstead 8 |
TOP OF THE 9TH |
Cincinnati Pride batting - Pitching for Plumstead Eagles : RHP Alden Parker
|
Now at SS: Pablo Villarreal
|
|
Now in CF: Joe Land
|
|
Now in RF: Gilberto Fernández
|
|
Batting: LHB Marvin Morris
|
0-0: TRIPLE (Groundball, 3D)
|
Batting: LHB Wes Stone
|
0-0: Called Strike 0-1: Swinging Strike 0-2: Strikes out swinging
|
Batting: RHB Pablo Gómez
|
0-0: Called Strike 0-1: Swinging Strike 0-2: Ball 1-2: Strikes out looking
|
Batting: RHB Wilson Flores
|
0-0: Called Strike 0-1: Ball 1-1: Swinging Strike 1-2: Strikes out swinging
|
Top of the 9th over - 0 run(s), 1 hit(s), 0 error(s), 1 left on base; Cincinnati 2 - Plumstead 8 |
|